 Dungeon Crawl Stone Soup version 0.21.1-1-g345015f (webtiles) character file.

13055 daodarkstar the Cleaver (level 11, -2/89 HPs)
             Began as a Demonspawn Fighter on Apr 2, 2018.
             Was a High Priest of Qazlal.
             Slain by a troll (8 damage)
             ... on level 11 of the Dungeon.
             The game lasted 00:19:09 (9682 turns).

daodarkstar the Cleaver (Demonspawn Fighter)        Turns: 9682, Time: 00:19:10

Health: -2/89      AC: 16    Str: 17    XL:     11   Next: 70%
Magic:  16/16      EV: 18    Int:  9    God:    Qazlal [*****.]
Gold:   545        SH:  6    Dex: 16    Spells: 10/10 levels left

rFire    + + .     SeeInvis .   q - +4 battleaxe
rCold    x . .     Gourm    .   (shield currently unavailable)
rNeg     . . .     Faith    .   x - +2 ring mail {rF+}
rPois    .         Spirit   .   r - +2 hat
rElec    .         Reflect  .   j - +0 cloak
rCorr    +         Harm     .   t - +0 pair of gloves
MR       .....                  (no boots)
Stlth    +.........             (no amulet)
HPRegen  0.24/turn              K - ring of resist corrosion
MPRegen  0.15/turn              p - ring of fire

@: protected from physical damage, repel missiles
A: antennae 2, repulsion field 1, foul stench 1, spiny 2, rot immunity
a: Upheaval, Elemental Force, Disaster Area, Renounce Religion


You were on level 11 of the Dungeon.
You worshipped Qazlal.
Qazlal was extremely pleased with you.
You were not hungry.

You visited 2 branches of the dungeon, and saw 12 of its levels.

You collected 545 gold pieces.

Inventory:

Hand Weapons
 a - a +0 war axe
 q - a +4 battleaxe (weapon)
Armour
 c - a +0 shield
 j - a +0 cloak (worn)
 r - a +2 hat (worn)
 t - a +0 pair of gloves (worn)
 x - a +2 ring mail of fire resistance (worn)
 H - a +2 shield
Jewellery
 m - an uncursed ring of stealth
 p - a ring of fire (right hand)
 K - a ring of resist corrosion (left hand)
 O - an uncursed ring of protection from magic {unknown}
Wands
 w - a wand of flame (8)
 y - a wand of disintegration (28)
 F - a wand of paralysis (8)
 I - a wand of iceblast (8)
 R - a wand of clouds (4)
Scrolls
 d - 4 scrolls of remove curse
 e - 2 scrolls of immolation {unknown}
 g - 6 scrolls of teleportation {unknown}
 h - 5 scrolls of fear {unknown}
 i - 3 scrolls of enchant armour {unknown}
 k - 2 scrolls of noise {unknown}
 l - 8 scrolls of enchant weapon {unknown}
 n - a scroll of magic mapping {unknown}
 o - 12 scrolls of identify {unknown}
 s - a scroll of blinking {unknown}
 u - 2 scrolls of fog {unknown}
 D - 4 scrolls of amnesia {unknown}
 J - a scroll of vulnerability {unknown}
 L - 2 scrolls of holy word {unknown}
 N - a scroll of random uselessness {unknown}
Potions
 b - a potion of curing
 v - 2 potions of ambrosia {unknown}
 z - 2 potions of invisibility {unknown}
 B - a potion of haste
 C - 3 potions of flight {unknown}
 E - a potion of might
 P - a potion of mutation {unknown}
Books
 A - a book of Frost

   Spells                             Type                      Level
   a - Freeze                         Ice                          1
   b - Throw Frost                    Conjuration/Ice              2
   c - Ozocubu's Armour               Charms/Ice                   3
   d - Throw Icicle                   Conjuration/Ice              4
   e - Summon Ice Beast               Ice/Summoning                4
 M - a book of Debilitation

   Spells                             Type                      Level
   a - Corona                         Hexes                        1
   b - Slow                           Hexes                        2
   c - Inner Flame                    Hexes/Fire                   3
   d - Portal Projectile              Hexes/Translocation          3
   e - Cause Fear                     Hexes                        4
   f - Leda's Liquefaction            Hexes/Earth                  4
 Q - a book of Conjurations

   Spells                             Type                      Level
   a - Magic Dart                     Conjuration                  1
   b - Searing Ray                    Conjuration                  2
   c - Dazzling Spray                 Conjuration/Hexes            3
   d - Fulminant Prism                Conjuration/Hexes            4
   e - Force Lance                    Conjuration/Translocation    4
   f - Iskenderun's Mystic Blast      Conjuration                  4
Comestibles
 f - 12 rations
 G - 8 chunks of flesh


   Skills:
 + Level 9.1 Fighting
 * Level 9.8 Axes
 + Level 8.4 Armour
 + Level 7.7 Dodging
 - Level 2.6 Shields
 + Level 7.5 Invocations


You had 10 spell levels left.
You didn't know any spells.

Dungeon Overview and Level Annotations

Branches:
Dungeon (11/15)            Temple (1/1) D:5            Lair (0/6) D:8
    Orc (0/2) D:11

Altars:
Ashenzari
Dithmenos
Elyvilon
Fedhas
Hepliaklqana
Kikubaaqudgha
Nemelex Xobeh
Okawaru
Qazlal
Ru
Sif Muna
Uskayaw
Wu Jian
Xom
Yredelemnul
Zin
Beogh

Shops:
D:6 %   D:7 }   D:9 (


Innate Abilities, Weirdness & Mutations

You have a pair of antennae on your head.
You are surrounded by a mild repulsion field. (EV +2)
You may emit foul miasma when damaged in melee.
You are mostly covered in sharp spines.
You are immune to rotting.


Message History

You kill the big kobold!
Qazlal accepts your kill.
You can now call upon nature's wrath in a wide area around you.
You slash the troll!
The troll is moderately wounded.
The troll closely misses you. x3
The kobold demonologist looks encouraged for a moment.
You slash the troll!
The troll is heavily wounded.
The troll is struck by your spines. The troll bites you!
* * * LOW HITPOINT WARNING * * *
You feel protected from physical attacks.
The troll misses you. x2; You block the troll's attack.
The troll completely misses you. The troll claws you.
* * * LOW HITPOINT WARNING * * *
You slash the troll!
The troll is almost dead.
The kobold demonologist mumbles some strange words.
You block the troll's attack. x2; The troll claws you!
You die...

####'####
###.######
..<.....#
#........###
........#
###..........
........#
..........#
........+
#.....5..#
........#
#........#
........#
#..KK§...#
........#
###T#
........#
#.)@#
##'######
#)### ##.#
#(# ...#
####.####
######
#..((...#
.....#
#...#####.#
.....# ...#
#...#.#
.....+ .#
#...'.#
.....#
#...#.#


You could see a kobold demonologist, a troll, an ufetubus and a kobold.

Vanquished Creatures
  Erica (D:11)
  2 two-headed ogres (D:11)
  An unseen horror (D:10)
  Pikel (D:4)
  A cyclops (D:11)
  A manticore (D:11)
  2 gargoyles (D:10)
  A kobold demonologist (D:11)
  A merfolk (D:9)
  A troll (D:10)
  Grinder (D:4)
  2 hippogriffs (D:10)
  A shadow (D:11)
  2 wyverns (D:11)
  Sigmund (D:6)
  A wraith (D:11)
  8 yaks
  2 hungry ghosts
  Menkaure (D:5)
  Edmund (D:6)
  The ghost of bosm the Bolt Thrower, an amateur KoHu (D:6)
  2 hell hounds
  Duvessa (D:6)
  4 orc warriors
  2 black bears
  2 sky beasts
  2 ice beasts
  An eye of draining (D:11)
  3 phantoms
  4 ogres
  The ghost of Kairos the Shield-Bearer, an amateur HuFi (D:3)
  2 centaurs
  2 big kobolds (D:11)
  2 bullfrogs
  A scorpion (D:8)
  A wyvern skeleton (D:10)
  Dowan (D:6)
  8 killer bees
  10 wights
  5 crimson imps
  6 howler monkeys
  A bullfrog zombie (D:8)
  A quasit (D:9)
  2 centaur skeletons
  3 jellies
  6 orc priests
  3 hounds
  Crazy Yiuf (D:2)
  Natasha (twice) (D:2)
  5 iguanas
  6 orc wizards
  6 worker ants
  A killer bee zombie (D:9)
  A hound skeleton (D:4)
  A hound zombie (D:5)
  A howler monkey zombie (D:10)
  2 worker ant zombies
  Robin (D:2)
  8 gnolls
  14 adders
  2 shadow imps
  An ooze (D:6)
  An adder zombie (D:9)
  3 adder skeletons
  3 worms
  3 dart slugs
  9 leopard geckos
  47 orcs
  A ball python (D:1)
  7 bats
  6 giant cockroaches
  14 goblins
  7 hobgoblins
  8 jackals
  6 quokkas
  A frilled lizard (D:2)
  A jackal zombie (D:9)
  15 kobolds
  2 quokka skeletons
  7 rats
302 creatures vanquished.

Vanquished Creatures (others)
  A slave (D:4)
  2 orcs (D:4)
  A quokka (D:4)
4 creatures vanquished.

Grand Total: 306 creatures vanquished

Notes
Turn   | Place    | Note
-------+----------+-------------------------------------------
     0 | D:1      | daodarkstar the Demonspawn Fighter began the quest for the Orb.
     0 | D:1      | Reached XP level 1. HP: 18/18 MP: 1/1
   154 | D:1      | Gained mutation: You are partially covered in sharp spines. [demonic ancestry]
   154 | D:1      | Reached XP level 2. HP: 20/24 MP: 2/2
   518 | D:1      | Reached skill level 1 in Dodging
   663 | D:2      | Reached XP level 3. HP: 29/29 MP: 3/3
   787 | D:2      | Noticed Robin
   789 | D:2      | Noticed Natasha
   797 | D:2      | Killed Natasha
   797 | D:2      | Gained mutation: You have a pair of small antennae on your head. [demonic ancestry]
   797 | D:2      | Reached XP level 4. HP: 9/37 MP: 4/4
   798 | D:2      | Killed Robin
  1095 | D:2      | Found a runed door.
  1280 | D:2      | Noticed Natasha
  1392 | D:2      | Killed Natasha
  1392 | D:2      | Reached XP level 5. HP: 31/42 MP: 5/5
  1593 | D:2      | Noticed Crazy Yiuf
  1597 | D:2      | Killed Crazy Yiuf
  1984 | D:3      | Noticed Kairos's ghost (amateur HuFi)
  1999 | D:3      | Killed Kairos's ghost
  1999 | D:3      | Gained mutation: You are immune to rotting. [demonic ancestry]
  1999 | D:3      | Reached XP level 6. HP: 33/48 MP: 6/6
  2721 | D:4      | Gained mutation: You are mostly covered in sharp spines. [demonic ancestry]
  2721 | D:4      | Reached XP level 7. HP: 26/55 MP: 7/7
  2917 | D:4      | Noticed Pikel
  2941 | D:4      | Killed Pikel
  2941 | D:4      | Reached skill level 5 in Fighting
  2941 | D:4      | Reached skill level 5 in Armour
  2946 | D:4      | Noticed Grinder
  2951 | D:4      | Gained mutation: You are surrounded by a mild repulsion field. (EV +2) [demonic ancestry]
  2951 | D:4      | Reached XP level 8. HP: 13/63 MP: 8/8
  2979 | D:4      | Killed Grinder
  3468 | D:5      | Entered Level 5 of the Dungeon
  3573 | D:5      | Found a blossoming altar of Fedhas.
  3573 | D:5      | Found an ornate altar of the Wu Jian Council.
  3574 | D:5      | Found an iron altar of Okawaru.
  3574 | D:5      | Found an iron altar of Okawaru.
  3575 | D:5      | Found a white marble altar of Elyvilon.
  3575 | D:5      | Found an ornate altar of the Wu Jian Council.
  3581 | D:5      | Found an ornate altar of the Wu Jian Council.
  3581 | D:5      | Found a deep blue altar of Sif Muna.
  3582 | D:5      | Found a sacrificial altar of Ru.
  3582 | D:5      | Found a sparkling altar of Nemelex Xobeh.
  3583 | D:5      | Found a sacrificial altar of Ru.
  3583 | D:5      | Found a hazy altar of Hepliaklqana.
  3618 | D:5      | Found a staircase to the Ecumenical Temple.
  3624 | Temple   | Entered the Ecumenical Temple
  3636 | Temple   | Became a worshipper of Qazlal Stormbringer
  3673 | D:5      | Reached skill level 5 in Axes
  4290 | D:5      | Noticed Menkaure
  4302 | D:5      | Killed Menkaure
  4369 | D:5      | Reached skill level 5 in Dodging
  4626 | D:6      | Found Unattint's Food Emporium.
  4629 | D:6      | Noticed Duvessa
  4630 | D:6      | Noticed Dowan
  4632 | D:6      | Noticed bosm's ghost (amateur KoHu)
  4639 | D:6      | Killed Dowan
  4641 | D:6      | Killed Duvessa
  4645 | D:6      | Killed bosm's ghost
  4645 | D:6      | Reached XP level 9. HP: 56/71 MP: 9/9
  4746 | D:6      | Noticed Edmund
  4754 | D:6      | Killed Edmund
  4881 | D:6      | Found a shadowy altar of Dithmenos.
  5020 | D:6      | Noticed Sigmund
  5026 | D:6      | Killed Sigmund
  5043 | D:6      | Reached skill level 1 in Invocations
  5436 | D:7      | Reached * piety under Qazlal
  5553 | D:7      | Found a shattered altar of Ashenzari.
  5835 | D:7      | Found Kalyo's Gadget Boutique.
  6275 | D:8      | Reached ** piety under Qazlal
  6776 | D:8      | Gained mutation: You have a pair of antennae on your head. [demonic ancestry]
  6776 | D:8      | Reached XP level 10. HP: 76/79 MP: 12/12
  7150 | D:8      | Found a staircase to the Lair.
  7279 | D:8      | Found an ancient bone altar of Kikubaaqudgha.
  7380 | D:9      | Reached *** piety under Qazlal
  7463 | D:9      | Reached skill level 5 in Invocations
  7740 | D:9      | Found Xeakhenom's Weapon Shop.
  8223 | D:10     | Entered Level 10 of the Dungeon
  8232 | D:10     | Killed an unseen horror
  8244 | D:10     | Noticed a gargoyle
  8251 | D:10     | Killed a gargoyle
  8277 | D:10     | Gained mutation: You may emit foul miasma when damaged in melee. [demonic ancestry]
  8277 | D:10     | Reached XP level 11. HP: 29/87 MP: 15/15
  8653 | D:10     | Found a hide-covered altar of Uskayaw.
  9078 | D:11     | Reached **** piety under Qazlal
  9111 | D:11     | Noticed a two-headed ogre
  9124 | D:11     | Killed a two-headed ogre
  9448 | D:11     | Noticed Erica
  9453 | D:11     | Killed Erica
  9509 | D:11     | Found a roughly hewn altar of Beogh.
  9509 | D:11     | Found a staircase to the Orcish Mines.
  9637 | D:11     | Noticed a two-headed ogre
  9642 | D:11     | Killed a two-headed ogre
  9679 | D:11     | Reached ***** piety under Qazlal
  9682 | D:11     | Slain by a troll

Skill      XL: |  1  2  3  4  5  6  7  8  9 10 11 |
---------------+----------------------------------+-----
Axes           | 2 3 4 5 7 8 9 |  9.8
Armour         | 3 4 5 6 7 8 |  8.4
Dodging        | 1 2 3 4 5 6 7 |  7.7
Fighting       | 4 5 6 7 8 9 |  9.1
Invocations    | 3 6 7 |  7.5
Shields        | |  2.6

Action                   |  1- 3 |  4- 6 |  7- 9 | 10-12 || total
-------------------------+-------+-------+-------+-------++-------
Melee: War axe           |    69 |   106 |   139 |       ||   314
       Battleaxe         |       |       |    98 |   235 ||   333
  Use: Potion            |     1 |     1 |    11 |     1 ||    14
       Scroll            |       |       |     2 |     1 ||     3
 Stab: Sleeping          |       |     1 |     1 |       ||     2
       Distracted        |       |       |     1 |       ||     1
  Eat: Chunk             |       |     5 |     5 |     7 ||    17
       Ration            |       |     1 |     2 |     2 ||     5
Armor: Scale mail        |    37 |    39 |    41 |       ||   117
       Ring mail         |       |       |    47 |    65 ||   112
Dodge: Dodged            |    23 |    38 |   162 |   207 ||   430
       Deflected         |       |       |       |     1 ||     1
Block: Shield            |    51 |    50 |    66 |       ||   167
       Other             |       |       |     9 |    59 ||    68
